NYP
WILLIAMSPORT CROSSCUTTERS @ AUBURN DOUBLEDAYS
08/20/2046
 
TOP OF THE 1ST
Williamsport Crosscutters batting - Pitching for Auburn Doubledays : LHP Peni Keli'i
Pitching: LHP Peni Keli'i
Batting: RHB Marcus Carter 0-0: Ball
1-0: Ground out 4-3 (Groundball, P, EV 85.6 MPH)
Batting: LHB Brent Dutcher 0-0: Ball
1-0: Ball
2-0: TRIPLE (Line Drive, 9LD, EV 98.1 MPH)
Batting: RHB Tak-keung Chieu 0-0: Ball
1-0: Ball
Wild Pitch!
Brent Dutcher scores
2-0: Ball
3-0: Base on Balls
Batting: LHB Matt Calitri 0-0: Ball
1-0: Swinging Strike
1-1: Ball
2-1: Swinging Strike
2-2: Strikes out swinging
Batting: SHB Brendan Bundy 0-0: Ball
1-0: Foul Ball, location: 2F
1-1: Ball
2-1: Swinging Strike
2-2: Strikes out swinging
Top of the 1st over - 1 run, 1 hit, 0 errors, 1 left on base; Williamsport 1 - Auburn 0
BOTTOM OF THE 1ST
Auburn Doubledays batting - Pitching for Williamsport Crosscutters : LHP Mario Arango
Pitching: LHP Mario Arango
Batting: RHB John Savard 0-0: SINGLE (Groundball, 56D, EV 96.2 MPH)
Batting: RHB Antonio Morado 0-0: Grounds into double play, 5-4-3 (Groundball, 56, EV 86.2 MPH)
Batting: RHB Jesus Malave 0-0: Ball
1-0: Ball
2-0: Ground out U3 (Groundball, 3L, EV 109.4 MPH)
Bottom of the 1st over - 0 runs, 1 hit, 0 errors, 0 left on base; Williamsport 1 - Auburn 0
TOP OF THE 2ND
Williamsport Crosscutters batting - Pitching for Auburn Doubledays : LHP Peni Keli'i
Batting: RHB Bryan Alfaro 0-0: Called Strike
0-1: Called Strike
0-2: Strikes out looking
Batting: RHB Phil Knox 0-0: Called Strike
0-1: SINGLE (Line Drive, 5D, EV 103.1 MPH)
Batting: RHB Leon Edwards 0-0: Ball
1-0: Fly out, F6 (Line Drive, 6MD, EV 65.6 MPH)
Batting: RHB Jeremy Mercer 0-0: Ball
1-0: Ball
2-0: Called Strike
2-1: Foul Ball, location: 2F
2-2: Ball
3-2: Strikes out swinging
Top of the 2nd over - 0 runs, 1 hit, 0 errors, 1 left on base; Williamsport 1 - Auburn 0
BOTTOM OF THE 2ND
Auburn Doubledays batting - Pitching for Williamsport Crosscutters : LHP Mario Arango
Batting: RHB Steve Bauman 0-0: Ball
1-0: Ground out 6-3 (Groundball, 6, EV 88.1 MPH)
Batting: RHB Antonio Vallez 0-0: Swinging Strike
0-1: Ball
1-1: Called Strike
1-2: Ball
2-2: SINGLE (Line Drive, 8LS, EV 100.0 MPH)
Batting: SHB Curtis DeLille 0-0: DOUBLE (Line Drive, 89XD, EV 106.9 MPH)
Antonio Vallez to third
Runner from 3rd tries for Home, SAFE, throw by RF to home
Batting: RHB Victor Cintron 0-0: Ball
1-0: Ball
2-0: Called Strike
2-1: Foul Ball, location: 2F
2-2: Ground out 6-3 (Groundball, 6, EV 102.5 MPH)
Batting: RHB Jelexiz Cuenca 0-0: Ball
1-0: SINGLE (Line Drive, 5L, EV 93.8 MPH)
Curtis DeLille to third
Batting: RHB Travis Stanley 0-0: Ball
1-0: Swinging Strike
1-1: Called Strike
1-2: Ball
2-2: Strikes out swinging
Bottom of the 2nd over - 1 run, 3 hits, 0 errors, 2 left on base; Williamsport 1 - Auburn 1
TOP OF THE 3RD
Williamsport Crosscutters batting - Pitching for Auburn Doubledays : LHP Peni Keli'i
Batting: RHB Marcus Carter 0-0: Ground out 5-3 (Groundball, 56, EV 102.5 MPH)
Batting: LHB Brent Dutcher 0-0: Swinging Strike
0-1: Ball
1-1: Swinging Strike
1-2: Strikes out looking
Batting: RHB Tak-keung Chieu 0-0: Ground out 5-3 (Groundball, 5, EV 82.5 MPH)
Top of the 3rd over - 0 runs, 0 hits, 0 errors, 0 left on base; Williamsport 1 - Auburn 1
BOTTOM OF THE 3RD
Auburn Doubledays batting - Pitching for Williamsport Crosscutters : LHP Mario Arango
Batting: RHB John Savard 0-0: Ball
1-0: Ground out U3 (Groundball, 34, EV 80.0 MPH)
Batting: RHB Antonio Morado 0-0: Ball
1-0: Ball
2-0: Ball
3-0: Called Strike
3-1: Called Strike
3-2: Foul Ball, location: 2F
3-2: Strikes out swinging
Batting: RHB Jesus Malave 0-0: Swinging Strike
0-1: Ball
1-1: Ball
2-1: Swinging Strike
2-2: TRIPLE (Line Drive, 89XD, EV 106.2 MPH)
Batting: RHB Steve Bauman 0-0: SINGLE (Groundball, 5S, EV 66.9 MPH) (infield hit)
Jesus Malave scores
Batting: RHB Antonio Vallez 0-0: Swinging Strike
0-1: SINGLE (Groundball, 3D, EV 107.5 MPH)
Steve Bauman to second
Runner from 2nd tries for 3rd, SAFE, throw by RF made to third
Batting: SHB Curtis DeLille 0-0: Ball
1-0: Ball
2-0: Called Strike
2-1: Foul Ball, location: 2F
2-2: Strikes out looking
Bottom of the 3rd over - 1 run, 3 hits, 0 errors, 2 left on base; Williamsport 1 - Auburn 2
TOP OF THE 4TH
Williamsport Crosscutters batting - Pitching for Auburn Doubledays : LHP Peni Keli'i
Batting: LHB Matt Calitri 0-0: Ball
1-0: Called Strike
1-1: Ball
2-1: Ball
3-1: Ground out U3 (Groundball, 3L, EV 83.8 MPH)
Batting: SHB Brendan Bundy 0-0: Ball
1-0: Foul Ball, location: 2F
1-1: Ground out 5-3 (Groundball, 56S, EV 90.6 MPH)
Batting: RHB Bryan Alfaro 0-0: Ground out 4-3 (Groundball, 4, EV 86.9 MPH)
Top of the 4th over - 0 runs, 0 hits, 0 errors, 0 left on base; Williamsport 1 - Auburn 2
BOTTOM OF THE 4TH
Auburn Doubledays batting - Pitching for Williamsport Crosscutters : LHP Mario Arango
Batting: RHB Victor Cintron 0-0: Foul Ball, location: 2F
0-1: Ball
1-1: Bunted foul
1-2: Ball
2-2: Foul Ball, location: 2F
2-2: Ground out 3-1 (Groundball, 34, EV 82.5 MPH)
Batting: RHB Jelexiz Cuenca 0-0: Called Strike
0-1: Ball
1-1: Ground out U3 (Groundball, 13, EV 83.8 MPH)
Batting: RHB Travis Stanley 0-0: DOUBLE (Flyball, 78D, EV 105.0 MPH)
Batting: RHB John Savard 0-0: Ball
1-0: Swinging Strike
1-1: Ground out 6-3 (Groundball, 6, EV 86.2 MPH)
Bottom of the 4th over - 0 runs, 1 hit, 0 errors, 1 left on base; Williamsport 1 - Auburn 2
TOP OF THE 5TH
Williamsport Crosscutters batting - Pitching for Auburn Doubledays : LHP Peni Keli'i
Batting: RHB Phil Knox 0-0: Ball
1-0: Called Strike
1-1: Ground out 2-3 (Groundball, 2R, EV 61.9 MPH)
Batting: RHB Leon Edwards 0-0: Called Strike
0-1: Called Strike
0-2: Ground out 4-3 (Groundball, 4D, EV 84.4 MPH)
Batting: RHB Jeremy Mercer 0-0: Called Strike
0-1: Foul Ball, location: 2F
0-2: Foul Ball, location: 2F
0-2: Strikes out swinging
Top of the 5th over - 0 runs, 0 hits, 0 errors, 0 left on base; Williamsport 1 - Auburn 2
BOTTOM OF THE 5TH
Auburn Doubledays batting - Pitching for Williamsport Crosscutters : LHP Mario Arango
Batting: RHB Antonio Morado 0-0: Ground out 6-3 (Groundball, 6, EV 108.8 MPH)
Batting: RHB Jesus Malave 0-0: Ball
1-0: SINGLE (Groundball, 4MD, EV 105.6 MPH)
Batting: RHB Steve Bauman 0-0: Ball
1-0: Foul Ball, location: 2F
1-1: Ground out 5-3 (Groundball, 56S, EV 65.6 MPH)
Jesus Malave to second
Batting: RHB Antonio Vallez 0-0: Ball
1-0: Swinging Strike
1-1: Foul Ball, location: 2F
1-2: Ball
2-2: Foul Ball, location: 2F
2-2: Ball
3-2: Strikes out looking
Bottom of the 5th over - 0 runs, 1 hit, 0 errors, 1 left on base; Williamsport 1 - Auburn 2
TOP OF THE 6TH
Williamsport Crosscutters batting - Pitching for Auburn Doubledays : LHP Peni Keli'i
Batting: RHB Marcus Carter 0-0: Ball
1-0: Ball
2-0: Ball
3-0: Base on Balls
Batting: LHB Brent Dutcher 0-0: Called Strike
0-1: Foul Ball, location: 2F
0-2: Ball
1-2: Foul Ball, location: 2F
1-2: Ball
Wild Pitch!
Marcus Carter to second
2-2: Ball
3-2: Base on Balls
Batting: RHB Tak-keung Chieu 0-0: Foul Ball, location: 2F
0-1: Ball
1-1: Hit by Pitch
Marcus Carter to third
Brent Dutcher to second
Batting: LHB Matt Calitri 0-0: Ball
1-0: Called Strike
1-1: Ball
2-1: Ball
3-1: SINGLE (Groundball, 4, EV 107.5 MPH) (infield hit)
Marcus Carter scores
Brent Dutcher to third
Tak-keung Chieu to second
Batting: SHB Brendan Bundy 0-0: Called Strike
0-1: Foul Ball, location: 2F
0-2: Ball
1-2: Foul Ball, location: 2F
1-2: Ball
2-2: Ball
3-2: Base on Balls
Brent Dutcher scores
Tak-keung Chieu to third
Matt Calitri to second
Pitching: LHP Leo Gutierrez
Batting: RHB Bryan Alfaro 0-0: Ball
1-0: Ball
2-0: Ball
3-0: Called Strike
3-1: Foul Ball, location: 2F
3-2: Foul Ball, location: 2F
3-2: Strikes out swinging
Batting: RHB Phil Knox 0-0: Fly out, F8 (Line Drive, 8RM, EV 95.6 MPH)
Runner from 3rd tags up, OUT at HOME! 8-2
Top of the 6th over - 2 runs, 1 hit, 0 errors, 2 left on base; Williamsport 3 - Auburn 2
BOTTOM OF THE 6TH
Auburn Doubledays batting - Pitching for Williamsport Crosscutters : LHP Mario Arango
Batting: SHB Curtis DeLille 0-0: SINGLE (Groundball, 3D, EV 97.5 MPH)
Batting: RHB Victor Cintron 0-0: Ball
1-0: Foul Ball, location: 2F
1-1: Fielders Choice at 2nd, 3-6 (Groundball, 3, EV 105.6 MPH)
Batting: RHB Jelexiz Cuenca 0-0: Ball
Victor Cintron steals 2nd base
1-0: SINGLE (Groundball, 6S, EV 71.9 MPH) (infield hit)
Victor Cintron to third
Batting: RHB Travis Stanley 0-0: Ball
1-0: Ball
2-0: Ground out 5-3 (Groundball, 56S, EV 66.9 MPH)
Jelexiz Cuenca to second
Batting: RHB John Savard 0-0: Ball
1-0: Foul Ball, location: 2F
1-1: Swinging Strike
1-2: Strikes out looking
Bottom of the 6th over - 0 runs, 2 hits, 0 errors, 2 left on base; Williamsport 3 - Auburn 2
TOP OF THE 7TH
Williamsport Crosscutters batting - Pitching for Auburn Doubledays : LHP Leo Gutierrez
Batting: RHB Leon Edwards 0-0: Called Strike
0-1: Called Strike
0-2: Strikes out swinging
Batting: RHB Jeremy Mercer 0-0: Called Strike
0-1: Ball
1-1: Ball
2-1: Ball
3-1: Foul Ball, location: 2F
3-2: Base on Balls
Batting: RHB Marcus Carter 0-0: Ball
Wild Pitch!
Jeremy Mercer to second
1-0: Swinging Strike
1-1: Ball
2-1: Foul Ball, location: 2F
2-2: Ball
3-2: Fly out, F9 (Flyball, 9S, EV 93.1 MPH)
Batting: LHB Brent Dutcher 0-0: Ball
1-0: Ball
2-0: Ball
3-0: Called Strike
3-1: SINGLE (Groundball, 4M, EV 107.5 MPH) (infield hit)
Jeremy Mercer to third
Batting: RHB Tak-keung Chieu 0-0: Ball
Passed Ball!
Jeremy Mercer scores
Brent Dutcher to second
1-0: Ball
2-0: Called Strike
2-1: Ball
3-1: Base on Balls
Batting: LHB Matt Calitri 0-0: Ball
1-0: Called Strike
1-1: Swinging Strike
1-2: Ball
2-2: Ball
3-2: Base on Balls
Brent Dutcher to third
Tak-keung Chieu to second
Pitching: RHP Josh Jenkins
Batting: SHB Brendan Bundy 0-0: Ball
1-0: Called Strike
1-1: Swinging Strike
1-2: Strikes out swinging
Top of the 7th over - 1 run, 1 hit, 0 errors, 3 left on base; Williamsport 4 - Auburn 2
BOTTOM OF THE 7TH
Auburn Doubledays batting - Pitching for Williamsport Crosscutters : LHP Mario Arango
Batting: RHB Antonio Morado 0-0: Ball
1-0: Foul Ball, location: 2F
1-1: Ball
2-1: Foul Ball, location: 2F
2-2: Ball
3-2: Strikes out swinging
Batting: RHB Jesus Malave 0-0: Called Strike
0-1: Ball
1-1: Ball
2-1: Called Strike
2-2: Ground out U3 (Groundball, 3, EV 101.9 MPH)
Batting: RHB Steve Bauman 0-0: Called Strike
0-1: Called Strike
0-2: SINGLE (Groundball, 6M, EV 100.0 MPH) (infield hit)
Pitching: LHP Jose Diaz
Batting: RHB Antonio Vallez 0-0: Ball
1-0: Foul Ball, location: 2F
1-1: Foul Ball, location: 2F
1-2: Strikes out swinging
Bottom of the 7th over - 0 runs, 1 hit, 0 errors, 1 left on base; Williamsport 4 - Auburn 2
TOP OF THE 8TH
Williamsport Crosscutters batting - Pitching for Auburn Doubledays : RHP Josh Jenkins
Batting: RHB Bryan Alfaro 0-0: Ball
1-0: Ball
2-0: Called Strike
2-1: Foul Ball, location: 2F
2-2: Ball
3-2: Strikes out swinging
Batting: RHB Phil Knox 0-0: Swinging Strike
0-1: Foul Ball, location: 2F
0-2: Ground out 5-3 (Groundball, 56S, EV 85.0 MPH)
Batting: RHB Leon Edwards 0-0: Ball
1-0: Foul Ball, location: 2F
1-1: Ground out 3-1 (Groundball, 34, EV 86.2 MPH)
Top of the 8th over - 0 runs, 0 hits, 0 errors, 0 left on base; Williamsport 4 - Auburn 2
BOTTOM OF THE 8TH
Auburn Doubledays batting - Pitching for Williamsport Crosscutters : LHP Jose Diaz
Batting: SHB Curtis DeLille 0-0: Called Strike
0-1: Ball
1-1: Ground out 3-1 (Groundball, 34S, EV 85.0 MPH)
Batting: RHB Victor Cintron 0-0: Called Strike
0-1: Swinging Strike
0-2: Foul Ball, location: 2F
0-2: Ball
1-2: Ball
2-2: Foul Ball, location: 2F
2-2: Ball
3-2: Strikes out looking
Batting: RHB Jelexiz Cuenca 0-0: Ball
1-0: Foul Ball, location: 2F
1-1: Ball
2-1: Ball
3-1: Foul Ball, location: 2F
3-2: Base on Balls
Batting: RHB Travis Stanley 0-0: Ball
1-0: Called Strike
1-1: Foul Ball, location: 2F
1-2: Fly out, F5 (Line Drive, 5L, EV 68.8 MPH)
Bottom of the 8th over - 0 runs, 0 hits, 0 errors, 1 left on base; Williamsport 4 - Auburn 2
TOP OF THE 9TH
Williamsport Crosscutters batting - Pitching for Auburn Doubledays : RHP Josh Jenkins
Batting: RHB Jeremy Mercer 0-0: Fly out, F3 (Popup, 3, EV 76.2 MPH)
Batting: RHB Marcus Carter 0-0: Ball
1-0: Swinging Strike
1-1: Ball
2-1: Ball
3-1: SINGLE (Groundball, 4MS, EV 70.0 MPH) (infield hit)
Batting: LHB Brent Dutcher 0-0: Foul Ball, location: 2F
0-1: Called Strike
0-2: Hit by Pitch
Marcus Carter to second
Batting: RHB Tak-keung Chieu 0-0: Called Strike
0-1: Swinging Strike
0-2: Strikes out swinging
Batting: LHB Matt Calitri 0-0: SINGLE (Groundball, 5L, EV 90.6 MPH) (infield hit)
Marcus Carter to third
Brent Dutcher to second
Batting: SHB Brendan Bundy 0-0: SINGLE (Line Drive, 9S, EV 106.2 MPH)
Marcus Carter scores
Brent Dutcher to third
Matt Calitri to second
Runner from 3rd tries for Home, SAFE, throw by RF to home
Batting: RHB Bryan Alfaro 0-0: Ball
1-0: Ball
2-0: Foul Ball, location: 2F
2-1: Ball
3-1: Base on Balls
Matt Calitri to third
Brendan Bundy to second
Batting: RHB Phil Knox 0-0: Foul Ball, location: 2F
0-1: Ball
1-1: Ball
2-1: Called Strike
2-2: Ground out 5-3 (Groundball, 56S, EV 95.0 MPH)
Top of the 9th over - 2 runs, 3 hits, 0 errors, 3 left on base; Williamsport 6 - Auburn 2
BOTTOM OF THE 9TH
Auburn Doubledays batting - Pitching for Williamsport Crosscutters : LHP Jose Diaz
Batting: RHB John Savard 0-0: Ball
1-0: Ground out 6-3 (Groundball, 56, EV 97.5 MPH)
Batting: RHB Antonio Morado 0-0: DOUBLE (Line Drive, 7LS, EV 90.0 MPH)
Batting: RHB Jesus Malave 0-0: Called Strike
0-1: Ball
1-1: Foul Ball, location: 2F
1-2: Ball
2-2: Strikes out swinging
Batting: RHB Steve Bauman 0-0: Called Strike
0-1: Ball
1-1: Ball
2-1: SINGLE (Groundball, 4MD, EV 99.4 MPH)
Antonio Morado to third
Pitching: RHP Isaiah Felton
Batting: RHB Antonio Vallez 0-0: Foul Ball, location: 2F
0-1: Ball
1-1: Ball
2-1: Ball
3-1: Swinging Strike
3-2: Strikes out looking
Bottom of the 9th over - 0 runs, 2 hits, 0 errors, 2 left on base; Williamsport 6 - Auburn 2
Tuesday, September 13th , 2022 - OOTP Baseball 23.7 Build 88